 Dungeon Crawl Stone Soup version 0.26-a0-784-g51bffae0b1 (webtiles) character file.

Game seed: 8355833155101076972

758983 RaHiT the Gelid (level 27, -11/265 HPs)
             Began as an Octopode Delver on Nov 9, 2020.
             Was the Champion of Cheibriados.
             Killed from afar by a shard shrike (23 damage)
             ... with a shard of ice
             ... created by the effects of Hell
             ... on level 7 of Cocytus on Nov 10, 2020.
             The game lasted 09:53:08 (70856 turns).

RaHiT the Gelid (Octopode Delver)                  Turns: 70856, Time: 09:53:08

Health: -11/265    AC: 35    Str: 39    XL:     27
Magic:  27/56      EV: 29    Int: 46    God:    Cheibriados [******]
Gold:   4124       SH: 16    Dex: 28    Spells: 23/66 levels left

rFire    + + .     SeeInvis +     - Unarmed
rCold    + + .     Faith    .   V - +1 buckler {rPois}
rNeg     + + +     Spirit   .   P - +2 hat
rPois    ∞         Reflect  +   n - amulet of reflection
rElec    +         Harm     .   B - ring of protection from magic
rCorr    .         Rampage  .   j - ring "Limallet" {rN+ Int+2 Dex+2}
MR       ++++.                  D - ring "Miyfikyb" {rC+ rN+ Str+6 Int+4 Dex-5}
Stlth    ++++++++..             X - ring of protection from cold
HPRegen  0.54/turn              b - ring of magical power
MPRegen  0.35/turn              O - ring of protection from magic
                                U - ring "Sisahouh" {Int+3 SInv}
                                m - +6 ring of strength

@: statue-form, very slow
A: almost no armour, stealthy swim, amphibious, 8 rings, constrict 8, camouflage
1, fire resistance 2, robust 1
}: 3/15 runes: decaying, barnacled, silver
a: End Transformation, Bend Time, Temporal Distortion, Slouch, Step From Time,
Renounce Religion


You were on level 7 of Cocytus.
You worshipped Cheibriados.
Cheibriados was exalted by your worship.
You were a stone statue.
You visited 12 branches of the dungeon, and saw 56 of its levels.
You visited 1 bazaar.
You also visited: Gauntlet, Volcano and Wizlab.

You collected 8418 gold pieces.
You spent 4294 gold pieces at shops.

Inventory:

Missiles
 i - 86 silver javelins
 l - 52 boomerangs (quivered)
 r - 16 silver boomerangs
 K - 6 throwing nets
Armour
 P - a +2 hat (worn)
 V - a +1 buckler of poison resistance (worn)
Jewellery
 b - a ring of magical power (on tentacle)
 j - the ring "Limallet" (right tentacle) {rN+ Int+2 Dex+2}
   (You took it off a gnoll sergeant on level 10 of the Dungeon)

   [ring of positive energy]

   It affects your intelligence (+2).
   It affects your dexterity (+2).
   It protects you from negative energy.
 m - a +6 ring of strength (on tentacle)
 n - an amulet of reflection (around mantle)
 B - a ring of protection from magic (left tentacle)
 D - the ring "Miyfikyb" (on tentacle) {rC+ rN+ Str+6 Int+4 Dex-5}
   (You bought it in a shop in a bazaar)

   [ring of strength]

   It affects your strength (+6).
   It affects your intelligence (+4).
   It affects your dexterity (-5).
   It protects you from cold.
   It protects you from negative energy.
 M - an uncursed ring of protection from fire
 O - a ring of protection from magic (on tentacle)
 U - the ring "Sisahouh" (on tentacle) {Int+3 SInv}
   (You bought it in a shop on level 15 of the Dungeon)

   [ring of see invisible]

   It affects your intelligence (+3).
   It lets you see invisible.
 X - a ring of protection from cold (on tentacle)
Wands
 e - a wand of digging (5)
 x - a wand of disintegration (25)
 A - a wand of iceblast (51)
 I - a wand of enslavement (30)
 J - a wand of paralysis (25)
 W - a wand of acid (52)
Scrolls
 a - 11 scrolls of fog
 c - 5 scrolls of fear
 d - 12 scrolls of amnesia
 g - 37 scrolls of remove curse
 h - 20 scrolls of teleportation
 p - a scroll of holy word
 v - 12 scrolls of blinking
 y - 2 scrolls of summoning
 E - 4 scrolls of vulnerability
 H - 6 scrolls of immolation
 R - 2 scrolls of silence
 S - 6 scrolls of enchant armour
 Y - 7 scrolls of magic mapping
 Z - 28 scrolls of identify
Potions
 k - 4 potions of invisibility
 o - 4 potions of heal wounds
 t - 14 potions of lignification
 u - 4 potions of ambrosia
 w - 6 potions of might
 z - 12 potions of brilliance
 C - 23 potions of curing
 G - 8 potions of magic
 L - 6 potions of mutation
 Q - 3 potions of resistance
 T - 3 potions of cancellation
Miscellaneous
 f - a tin of tremorstones (2/2)
 q - the horn of Geryon
 s - a phantom mirror
 F - a box of beasts
 N - a condenser vane


   Skills:
 - Level 15.0 Fighting
 - Level 15.0 Throwing
 - Level 15.0 Dodging
 - Level 15.0 Stealth
 - Level 15.0 Shields
 + Level 15.1 Unarmed Combat
 - Level 20.0 Spellcasting
 - Level 15.0 Necromancy
 - Level 15.0 Transmutations
 - Level 15.0 Fire Magic
 - Level 20.0 Ice Magic
 - Level 15.0 Earth Magic
 - Level 9.0 Invocations
 - Level 15.0 Evocations


You had 23 spell levels left.
You knew the following spells:

 Your Spells              Type           Power        Failure   Level
a - Petrify               Tmut/Erth      ########     0%          4
b - Statue Form           Tmut/Erth      ########.    1%          6
c - Lee's Rapid Deconstr  Erth           ########..   1%          5
d - Iron Shot             Conj/Erth      #######...   3%          6
e - Ignition              Fire           ########..   6%          8
f - Sublimation of Blood  Necr           ########..   0%          2
g - Absolute Zero         Ice            ########..   12%         9
l - Blink                 Tloc           N/A          1%          2
o - Apportation           Tloc           #####.       1%          1

Your spell library contained the following spells:

 Spells                   Type           Power        Failure   Level
 Animate Skeleton         Necr           ######       0%          1
 Freeze                   Ice            ####         0%          1
 Pain                     Necr           ####         0%          1
 Sandblast                Erth           ######       0%          1
 Ensorcelled Hibernation  Hex/Ice        ######       0%          2
 Passwall                 Tmut/Erth      ########     0%          2
 Frozen Ramparts          Ice            ######       0%          3
 Ozocubu's Armour         Ice            ########     0%          3
 Vampiric Draining        Necr           ########..   0%          3
 Animate Dead             Necr           ########..   0%          4
 Dispel Undead            Necr           ########     0%          4
 Ice Form                 Ice/Tmut       ########     0%          4
 Corona                   Hex            #####..      1%          1
 Foxfire                  Conj/Fire      ####         1%          1
 Magic Dart               Conj           ####         1%          1
 Shock                    Conj/Air       ####         1%          1
 Summon Small Mammal      Summ           ####         1%          1
 Call Imp                 Summ           #####...     1%          2
 Corpse Rot               Necr/Air       N/A          1%          2
 Poisonous Vapours        Pois/Air       #####.       1%          2
 Searing Ray              Conj           #####.       1%          2
 Slow                     Hex            #####...     1%          2
 Swiftness                Air            #####...     1%          2
 Confusing Touch          Hex            #####...     1%          3
 Conjure Flame            Conj/Fire      #######.     1%          3
 Dazzling Flash           Conj/Hex       #####.       1%          3
 Gell's Gravitas          Tloc           #####.....   1%          3
 Ignite Poison            Fire/Tmut/Pois #######.     1%          3
 Inner Flame              Hex/Fire       #######.     1%          3
 Mephitic Cloud           Conj/Pois/Air  #####...     1%          3
 Portal Projectile        Hex/Tloc       #####.       1%          3
 Static Discharge         Conj/Air       #####...     1%          3
 Stone Arrow              Conj/Erth      ######       1%          3
 Tukima's Dance           Hex            #####...     1%          3
 Hailstorm                Conj/Ice       #######.     1%          4
 Leda's Liquefaction      Hex/Erth       #######...   1%          4
 Sticky Flame             Conj/Fire      #######.     1%          4
 Summon Ice Beast         Ice/Summ       #######.     1%          4
 Agony                    Necr           ########     1%          5
 Alistair's Intoxication  Tmut/Pois      #######..    1%          5
 Bolt of Magma            Conj/Fire/Erth #######...   1%          5
 Excruciating Wounds      Necr           ########..   1%          5
 Fireball                 Conj/Fire      #######...   1%          5
 Irradiate                Conj/Tmut      #######...   1%          5
 Metabolic Englaciation   Hex/Ice        #######...   1%          5
 Yara's Violent Unravell  Hex/Tmut       #######...   1%          5
 Hydra Form               Tmut           ########..   1%          6
 Ozocubu's Refrigeration  Ice            ########..   1%          6
 Simulacrum               Ice/Necr       ########..   1%          6
 Dragon Form              Tmut           ########..   1%          7
 Eringya's Noxious Bog    Tmut/Pois      #######...   3%          6
 Starburst                Conj/Fire      #######...   3%          6
 Airstrike                Air            #####.....   4%          4
 Cause Fear               Hex            #####.....   4%          4
 Iskenderun's Mystic Bla  Conj/Tloc      #####...     4%          4
 Olgreb's Toxic Radiance  Pois           #####...     4%          4
 Freezing Cloud           Conj/Ice/Air   #######...   4%          6
 Lightning Bolt           Conj/Air       #####.....   12%         5
 Summon Demon             Summ           #####.....   12%         5
 Summon Forest            Summ/Tloc      #####.....   12%         5
 Summon Mana Viper        Hex/Summ       #####...     12%         5
 Dispersal                Tloc           #####.....   54%         6
 Shadow Creatures         Summ           N/A          54%         6
 Shatter                  Erth           ########..   65%         9
 Lehudib's Crystal Spear  Conj/Erth      #######...   77%         8
 Summon Hydra             Summ           #####.....   98%         7
 Chain Lightning          Conj/Air       #####.....   100%        8
 Disjunction              Tloc           #####.....   100%        8
 Fire Storm               Conj/Fire      #######...   100%        9


Dungeon Overview and Level Annotations

Branches:
Dungeon (15/15)            Temple (1/1) D:4            Lair (6/6) D:10
  Swamp (4/4) Lair:2       Shoals (4/4) Lair:3        Slime (0/5) Lair:6
    Orc (2/2) D:12            Elf (3/3) Orc:2        Vaults (5/5) D:14
  Crypt (3/3) Vaults:2       Tomb (0/3) Crypt:3      Depths (5/5) D:15
   Hell (visited)             Dis (0/7) Hell            Geh (0/7) Hell
    Coc (7/7) Hell            Tar (0/7) Hell            Zot (0/5) Depths:5
Volcano (visited)          WizLab (visited)         Gauntlet (visited)
  Snake: Lair:2-4    Spider: Lair:2-4

Altars:
Ashenzari
Cheibriados
Dithmenos
Elyvilon
Fedhas
Gozag
Kikubaaqudgha
Makhleb
Nemelex Xobeh
Okawaru
Qazlal
Ru
Sif Muna
Trog
Uskayaw
Vehumet
Wu Jian
Xom
Yredelemnul
Zin
The Shining One
Beogh

Shops:
D:5 (   D:9 (   D:10 (   D:15 (**=*   Orc:1 }   Orc:2 !=:[*   Elf:1 *   Elf:2 *

Portals:
Hell: Depths:1 Depths:2 Depths:3 Depths:4 Depths:5
Abyss: Depths:1 Depths:4
Pandemonium: Depths:3 Depths:4
Ziggurat: Depths:4


Innate Abilities, Weirdness & Mutations

You cannot wear most types of armour.
You are very stealthy in the water. (Stealth+)
You are amphibious.
You can wear up to eight rings at the same time.
You can use your tentacles to constrict eight enemies at once.
Your skin changes colour to match your surroundings (Stealth+).
((Your rubbery body absorbs attacks. (AC +1, EV +1)))
Your flesh is very heat resistant. (rF++)
You are robust. (+10% HP)


Message History

The bone dragon bites you but does no damage.
You block the bone dragon's attack. x2; The shard shrike closely misses you.
The bone dragon completely misses you. x2
The bone dragon tramples you but does no damage.
You barely miss the shard shrike. Your grab misses the shard shrike.
Your squeeze misses the shard shrike.
The shard shrike is almost dead.
The shard shrike completely misses you.
The shard shrike is engulfed in a cloud of scalding steam.
The bone dragon barely misses you. You block the bone dragon's attack.
The bone dragon barely misses you.
You thrash the bone dragon!!!
The bone dragon is heavily damaged.
The shard shrike is engulfed in a cloud of scalding steam. x2
The shard shrike spits a shard of ice at you.
The shard of ice hits you!! You partially resist.
* * * LOW HITPOINT WARNING * * *
The shard shrike spits a shard of ice at you.
The shard of ice hits you!! You partially resist.
You die...

≈,,,≈≈≈*
#≈≈≈≈≈≈≈≈≈≈#≈≈≈,,,,,≈≈
≈≈,≈≈≈≈*
#≈≈≈≈≈≈≈≈≈≈#≈≈≈≈,,,,≈≈
≈≈≈≈≈≈≈*
#≈≈≈≈≈≈≈≈≈≈#*≈≈≈≈,,,≈≈
≈≈≈≈≈≈≈*
##≈≈≈≈≈§≈§≈≈#*≈≈≈≈≈≈≈≈≈
≈≈≈≈≈≈≈*
#≈≈≈≈≈≈≈≈§≈≈#**≈≈≈≈≈≈≈≈
≈≈≈≈≈≈≈* #≈≈≈≈§§≈§§§≈#
*≈≈≈≈≈≈≈≈ ≈≈≈≈≈≈≈**
#≈≈§§§b§≈§§§# *≈≈≈≈≈≈≈≈
≈≈≈≈≈≈≈≈* #≈≈§§≈≈§§§§≈#
*≈≈≈≈≈≈≈≈
≈≈≈≈≈≈≈≈*##≈≈≈§D8.§≈≈≈#
*≈≈≈≈≈≈≈≈
≈≈≈≈≈≈≈≈*#≈≈≈≈§b.[.≈≈≈#
*≈≈≈≈≈≈≈≈
≈≈≈≈≈≈≈≈*#≈≈≈≈§.)..≈≈≈#
*≈≈≈≈≈≈≈≈
≈≈,,,≈≈≈*#≈≈≈≈≈....≈≈≈#
*≈≈≈≈≈≈≈≈
≈,,,,,≈≈*#≈≈≈≈....≈≈≈≈#
*≈≈≈≈≈≈≈≈
≈,,,,,≈≈≈#≈≈≈≈....≈≈≈≈#
*≈≈≈≈≈≈≈≈
≈,,,,,≈≈≈#≈≈≈≈....≈≈≈≈#
*≈≈≈≈≈≈≈≈
≈^,,,,≈≈≈#≈≈≈≈....≈≈≈##
*≈≈≈≈≈≈≈≈
≈,,,,,≈≈≈#≈≈≈≈....≈≈≈#
*≈≈≈≈,≈≈≈


You could see a bone dragon and 2 shard shrikes.

Vanquished Creatures
  2 ancient liches
  Mennas (Depths:4)
  A juggernaut (Depths:5)
  Mara (Depths:4)
  Sojobo (Vaults:2)
  45 shard shrikes
  Frederick (Crypt:2)
  Bai Suzhen (Vaults:5)
  Geryon (Hell)
  Nikola (Shoals:3)
  A profane servitor (Crypt:3)
  7 golden dragons
  5 bone dragons
  4 liches
  4 large abominations
  2 tentacled monstrosities
  19 Ice Fiends
  Jorgrun (D:12)
  A shard shrike skeleton (Crypt:1)
  Asterion (Vaults:2)
  The ghost of Opsalyamag the Black Belt, an adept DsBr of Xom (Elf:2)
  3 titans (Vaults:5)
  A quicksilver dragon (Depths:4)
  3 deep elf master archers
  5 deep elf blademasters
  6 ancient champions
  A kraken (Shoals:4)
  5 sphinxes
  Kirke (Swamp:3)
  2 thorn hunters
  2 storm dragons
  13 shadow dragons
  3 revenants
  Roxanne (Swamp:4)
  2 daevas (Depths:3)
  A fenstrider witch (Swamp:1)
  13 tengu reavers
  11 fire giants
  2 iron dragons
  11 frost giants
  2 balrugs
  17 vault wardens
  6 deep elf sorcerers
  Aizul (Swamp:1)
  A caustic shrike zombie (Crypt:2)
  4 deep elf elementalists
  4 curse skulls
  10 ghouls
  A draconian annihilator (Depths:5)
  30 very ugly things
  27 reapers
  5 war gargoyles
  A spriggan defender (Depths:4)
  15 ironheart preservers
  8 elemental wellsprings
  21 stone giants
  An entropy weaver (Vaults:3)
  6 deep elf demonologists
  4 deep elf annihilators
  2 black draconians (Depths:5)
  A bunyip (shapeshifter) (Vaults:5)
  2 minotaurs
  A red draconian (Depths:5)
  3 yellow draconians (Depths:5)
  5 vampire knights
  5 bunyips
  Nessos (D:14)
  A white draconian (Depths:5)
  The ghost of Hogeazu the Severer, a journeyman HOAK of Lugonu (D:12)
  Azrael (D:12)
  A purple draconian (Depths:5)
  10 spark wasps
  9 ettins
  12 eidola
  14 blizzard demons
  A spark wasp (shapeshifter) (D:15)
  A green death (Depths:4)
  6 eleionomae
  Snorg (D:14)
  An ettin (shapeshifter) (Vaults:5)
  2 shambling mangroves (Swamp:4)
  9 deep elf death magi
  A mummy priest (Crypt:3)
  4 crystal guardians (Depths:1)
  6 merfolk javelineers
  14 yaktaur captains
  3 kraken zombies
  7 merfolk impalers
  11 jiangshi
  38 vault guards
  4 fire dragons
  19 ogre magi
  36 ice dragons
  5 great orbs of eyes
  30 hydras
  5 quicksilver dragon zombies
  4 deep elf high priests
  5 quicksilver dragon skeletons
  7 rakshasas
  A catoblepas (Shoals:3)
  Harold (Lair:2)
  A spriggan air mage (Depths:3)
  2 hell beasts
  2 merfolk aquamancers (Shoals:4)
  3 boulder beetles
  7 death knights
  16 centaur warriors
  9 merfolk avatars
  4 ghost crabs (Swamp:2)
  2 alligator snapping turtles (Shoals:3)
  30 dancing weapons
  The ghost of feta the Slinger, a journeyman HaHu of the Shining One (D:9)
  8 alligators
  2 satyrs
  58 two-headed ogres
  3 death yaks
  6 deep troll shamans
  10 deep troll earth magi
  2 spriggan berserkers
  3 hell hogs
  8 tengu warriors
  4 vampire magi
  3 orc high priests (Orc:2)
  2 iron golems (Hell)
  3 titan zombies
  Urug (D:13)
  6 goliath frogs
  6 soul eaters
  4 sun demons
  5 titan skeletons
  A fire crab (Volcano)
  6 storm dragon zombies
  24 deep elf knights
  A spectral minotaur (Depths:2)
  4 shadow wraiths
  101 skeletal warriors
  2 iron trolls (Hell)
  16 hell knights
  16 sea snakes
  2 golden dragon zombies (Coc:2)
  11 anaconda zombies
  A death drake (Depths:2)
  25 deep trolls
  A deep troll (shapeshifter) (Vaults:5)
  3 ghost moth zombies
  7 storm dragon skeletons
  4 unseen horrors
  5 bog bodies
  6 flayed ghosts
  4 wizards
  3 orange crystal statues
  6 glowing orange brains
  16 swamp dragons
  3 lindwurms (Swamp:4)
  A kraken simulacrum (Coc:5)
  3 spriggan druids (Swamp:2)
  An unseen horror (shapeshifter) (D:12)
  21 harpies
  9 necromancers
  4 spectral hydras (Depths:2)
  13 ironbrand convokers
  24 deep elf archers
  55 deep elf magi
  7 wolf spider zombies
  7 frost giant zombies
  29 phantasmal warriors
  8 shadow dragon zombies
  7 iron dragon zombies
  5 mana vipers (Depths:2)
  13 orc knights
  8 orc sorcerers
  A human zombie (Vaults:5)
  32 ugly things
  6 shadow dragon skeletons
  A cyclops (shapeshifter) (Vaults:5)
  10 anaconda skeletons
  5 stone giant zombies
  4 fauns (Shoals:3)
  4 will-o-the-wisps
  5 fire giant zombies
  3 moths of wrath (Elf:2)
  3 cyclopes
  6 stone giant skeletons
  13 manticores
  8 merfolk sirens
  A fire giant skeleton (Coc:2)
  4 elephants (Lair:6)
  A titan simulacrum (Coc:1)
  4 apocalypse crabs (Swamp:2)
  18 vault sentinels
  5 rust devils
  3 black mambas
  2 shock serpent zombies
  2 frost giant skeletons
  A molten gargoyle (Hell)
  A water nymph (shapeshifter) (Depths:1)
  A guardian serpent (shapeshifter) (Vaults:3)
  3 torpor snails
  3 ice statues
  2 iron dragon skeletons (Coc:3)
  6 water nymphs
  Psyche (D:12)
  10 cane toads
  A gargoyle (D:15)
  2 smoke demons (Hell)
  A hellion (Hell)
  Maggie (D:6)
  3 centaur skeletons
  An alligator snapping turtle skeleton (Crypt:1)
  A catoblepas skeleton (Coc:4)
  A dire elephant skeleton (Coc:1)
  A red draconian zombie (Crypt:2)
  4 emperor scorpion zombies
  A komodo dragon (shapeshifter) (D:15)
  2 anaconda simulacra
  A rime drake (shapeshifter) (Vaults:5)
  3 spectral merfolk (Depths:2)
  4 rime drakes
  An efreet (D:15)
  69 freezing wraiths
  9 komodo dragons
  36 yaktaurs
  34 ice devils
  A guardian mummy (Crypt:3)
  A kobold demonologist (D:14)
  16 tormentors
  A green draconian skeleton (Crypt:2)
  3 human skeletons (Vaults:2)
  25 hydra zombies
  23 merfolk
  A minotaur skeleton (Crypt:1)
  4 polar bears (Lair:6)
  6 harpy zombies
  3 meliai (D:12)
  14 trolls
  7 red devils
  A ghost moth simulacrum (Coc:5)
  8 tengu conjurers
  A meliai (shapeshifter) (Depths:2)
  2 jumping spiders (Crypt:3)
  23 hornets
  7 tyrant leeches
  A tengu simulacrum (Vaults:5)
  A troll (shapeshifter) (Elf:3)
  A bloated husk (Swamp:1)
  9 wind drakes
  12 blink frogs
  A shadow dragon simulacrum (Coc:6)
  A dream sheep (shapeshifter) (Elf:3)
  Grinder (D:5)
  A harpy skeleton (Crypt:1)
  2 hornets (shapeshifter)
  A blink frog (shapeshifter) (Vaults:5)
  42 slime creatures
  16 dream sheep
  5 hydra skeletons
  2 raiju (Depths:2)
  10 snapping turtles
  5 fire dragon zombies
  17 alligator zombies
  5 ice dragon zombies
  2 stone giant simulacra
  10 ettin zombies
  5 fire giant simulacra
  A frost giant simulacrum (Coc:4)
  22 spriggans
  3 alligator skeletons
  A black mamba zombie (Crypt:3)
  12 redbacks
  Sigmund (D:5)
  4 fire dragon skeletons
  25 wraiths
  97 flying skulls
  3 ice dragon skeletons
  2 redbacks (shapeshifter)
  2 air elementals
  9 wyverns
  2 ettin skeletons
  9 vampires
  18 shadows
  A tarantella (Vaults:3)
  27 water elementals
  6 basilisks
  9 fire elementals
  2 humans (shapeshifter) (Vaults:1)
  16 humans (D:14)
  47 yaks
  4 hogs (Swamp:3)
  A fire bat (Volcano)
  12 vampire mosquitoes
  8 steam dragons
  A neqoxec (Depths:4)
  A minotaur simulacrum (Coc:1)
  12 swamp worms
  A soldier ant (D:13)
  2 acid dragons
  4 two-headed ogre zombies (WizLab)
  8 wargs
  3 spectral spriggans (Depths:2)
  A harpy simulacrum (Coc:1)
  Duvessa (D:5)
  2 hydra simulacra
  28 water moccasins
  20 cane toad zombies
  16 hell hounds
  11 swamp drakes
  2 floating eyes
  5 cane toad skeletons
  2 spectral trolls (Depths:2)
  8 phantoms
  3 manticore zombies
  39 orc warriors
  An alligator simulacrum (Coc:5)
  2 sky beasts
  2 eyes of draining
  23 ice beasts
  16 necrophages
  8 black bears
  3 swamp dragon zombies
  A hornet zombie (D:10)
  46 ogres
  4 snapping turtle zombies
  11 boggarts
  4 snapping turtle skeletons
  24 wolves
  2 manticore skeletons
  A blink frog skeleton (Crypt:1)
  25 centaurs
  A big kobold (shapeshifter) (D:15)
  5 big kobolds
  A rime drake skeleton (Crypt:2)
  18 bullfrogs
  A bullfrog (shapeshifter) (D:15)
  A wyvern zombie (D:11)
  A komodo dragon skeleton (Crypt:2)
  2 human simulacra
  3 earth elementals
  A gnoll sergeant (D:10)
  Dowan (D:5)
  2 cane toad simulacra
  A merfolk simulacrum (Depths:2)
  7 small abominations
  10 wyvern skeletons
  3 scorpions
  3 spectral nagas (Depths:2)
  An elf simulacrum (Vaults:5)
  10 troll zombies
  A spectral ogre (Depths:2)
  10 killer bees
  39 wights
  A snapping turtle simulacrum (Crypt:1)
  2 electric eels (Lair:3)
  2 howler monkeys
  4 spectral centaurs (Depths:2)
  6 crimson imps
  A bullfrog zombie (D:12)
  A lava snake (Volcano)
  5 centaur zombies
  A wyvern simulacrum (D:14)
  A gnoll shaman (D:8)
  4 bullfrog skeletons
  5 hounds
  5 jellies
  43 orc wizards
  29 orc priests
  A demonspawn zombie (Crypt:1)
  4 iron imps
  An iguana (D:11)
  7 worker ants
  5 hell rats
  A troll simulacrum (Depths:2)
  A tengu zombie (Coc:6)
  4 ogre zombies
  A tengu skeleton (Coc:1)
  A hound skeleton (Crypt:2)
  7 mummies
  A worker ant zombie (D:8)
  8 gnolls
  15 adders
  A swamp drake skeleton (Crypt:1)
  42 white imps
  2 ufetubi
  10 oozes
  2 adder skeletons
  3 worms
  3 dart slugs
  5 leopard geckos
  118 orcs
  7 giant cockroaches
  6 goblins
  8 hobgoblins
  7 jackals
  31 kobolds
  7 quokkas
  A ball python (D:1)
  9 bats
  3 frilled lizards
  A jackal zombie (Crypt:2)
  A quokka skeleton (D:4)
  7 rats
  A block of ice (Coc:7)
  A briar patch (Swamp:1)
  6 crawling corpses
  7 tentacles
3243 creatures vanquished.

Vanquished Creatures (collateral kills)
  A wretched star (Gauntlet)
  An ugly thing (D:11)
  2 oklob plants (Lair:4)
  A small abomination (Gauntlet)
5 creatures vanquished.

Vanquished Creatures (others)
  An elemental wellspring (Coc:7)
  A merfolk javelineer (Shoals:4)
  A skeletal warrior (Coc:7)
  A sea snake (Shoals:3)
  2 manticores
  2 deep elf magi (Elf:3)
  A bloated husk (Swamp:3)
  A slime creature (D:15)
  A hell hound (Depths:2)
  A small abomination (Gauntlet)
  A boggart (Vaults:3)
  An orc priest (Orc:2)
  A white imp (Coc:4)
  An orc (Vaults:5)
  4 blocks of ice
  5 briar patches (Swamp:1)
  A crawling corpse (Elf:3)
  14 demonic plants (Gauntlet)
  4 foxfires
  78 fungi
  178 plants
  20 tentacles
  10 toadstools (D:2)
  35 withered plants
365 creatures vanquished.

Grand Total: 3613 creatures vanquished

Notes
Turn   | Place    | Note
-------+----------+-------------------------------------------
     0 | D:5      | RaHiT the Octopode Delver began the quest for the Orb.
     0 | D:5      | Reached XP level 1. HP: 16/16 MP: 1/1
     6 | D:5      | Found a shadowy altar of Dithmenos.
   183 | D:4      | Found a staircase to the Ecumenical Temple.
   193 | Temple   | Entered the Ecumenical Temple
   436 | D:4      | Noticed a worker ant
   556 | D:3      | Reached XP level 2. HP: 10/21 MP: 2/2
   936 | D:2      | Reached XP level 3. HP: 20/26 MP: 3/3
   993 | D:2      | Found a basalt altar of Yredelemnul.
  1604 | D:1      | Reached XP level 4. HP: 31/31 MP: 4/4
  1889 | D:2      | Found a white marble altar of Elyvilon.
  2264 | D:2      | Found a shimmering blue altar of Sif Muna.
  2369 | D:2      | Reached XP level 5. HP: 18/36 MP: 5/5
  2371 | D:2      | Reached skill level 5 in Unarmed Combat
  2946 | D:2      | Reached XP level 6. HP: 29/44 MP: 4/6
  3381 | D:3      | Found a sparkling altar of Nemelex Xobeh.
  3414 | D:3      | Reached skill level 5 in Fighting
  3714 | D:4      | Noticed a phantom
  3759 | D:4      | Killed a phantom
  3759 | D:4      | Reached XP level 7. HP: 23/50 MP: 5/7
  4081 | D:5      | Found Otaump's Antique Weapon Boutique.
  4206 | D:5      | Reached skill level 5 in Dodging
  4206 | D:5      | Reached skill level 1 in Throwing
  4477 | D:5      | Noticed Sigmund
  4491 | D:5      | Killed Sigmund
  4491 | D:5      | Reached XP level 8. HP: 55/55 MP: 8/8
  4514 | D:5      | Noticed Duvessa
  4514 | D:5      | Noticed Dowan
  4515 | D:5      | Noticed Grinder
  4915 | D:5      | Reached skill level 5 in Throwing
  5154 | D:6      | Reached skill level 1 in Shields
  5281 | D:6      | Noticed Maggie
  5579 | D:6      | Found a snail-covered altar of Cheibriados.
  5592 | D:6      | Became a worshipper of Cheibriados the Contemplative
  5613 | D:6      | Found a bloodstained altar of Trog.
  5615 | D:6      | Found a glowing silver altar of Zin.
  5974 | D:6      | Killed Maggie
  5974 | D:6      | Reached skill level 5 in Shields
  5974 | D:6      | Reached XP level 9. HP: 36/61 MP: 4/9
  6467 | D:7      | Reached skill level 5 in Evocations
  6576 | D:7      | Reached skill level 1 in Invocations
  6725 | D:7      | Reached * piety under Cheibriados
  7213 | D:8      | HP: 2/61 [something/magic dart (3)]
  7618 | D:8      | Killed an unseen horror
  7618 | D:8      | Reached ** piety under Cheibriados
  8137 | D:8      | Reached XP level 10. HP: 57/66 MP: 12/15
  8386 | D:8      | Found a sacrificial altar of Ru.
  9169 | D:9      | Found Ekihol Eluh's Weapon Shop.
  9359 | D:9      | Reached *** piety under Cheibriados
  9450 | D:9      | Noticed a red ugly thing
  9470 | D:9      | Found a runed translucent gate.
 10116 | D:9      | Found a glowing golden altar of the Shining One.
 10121 | D:9      | Found an opulent altar of Gozag.
 10125 | D:9      | Found a radiant altar of Vehumet.
 10323 | D:9      | Identified the +8 short sword of Xohyzxe {freeze, rC- rN+
                  | MP+9 Dex+2}
 10325 | D:9      | Found a runed translucent gate.
 10327 | D:9      | Noticed a deep elf mage
 10359 | D:9      | Noticed a centaur warrior
 10407 | D:9      | Noticed feta's ghost (journeyman HaHu)
 10409 | D:9      | Found a runed translucent gate.
 10416 | D:9      | Found a roughly hewn altar of Beogh.
 10481 | D:10     | Entered Level 10 of the Dungeon
 10633 | D:10     | Noticed a death yak
 10829 | D:10     | Found Amoirph's Weapon Emporium.
 10830 | D:10     | Noticed a two-headed ogre
 10840 | D:10     | Killed a two-headed ogre
 10881 | D:10     | Noticed a death yak
 10904 | D:10     | Reached **** piety under Cheibriados
 11422 | D:10     | Reached XP level 11. HP: 72/72 MP: 17/17
 11451 | D:10     | Noticed a two-headed ogre
 11463 | D:10     | Killed a two-headed ogre
 11814 | D:5      | Killed Duvessa
 11831 | D:5      | Killed Dowan
 12476 | D:5      | Killed Grinder
 12598 | D:10     | Identified the ring "Limallet" {rN+ Int+2 Dex+2}
 12606 | D:10     | Reached ***** piety under Cheibriados
 12847 | D:11     | Reached skill level 10 in Stealth
 12956 | D:11     | Noticed a two-headed ogre
 12967 | D:11     | Killed a two-headed ogre
 13022 | D:11     | Noticed a centaur warrior
 13037 | D:11     | Killed a centaur warrior
 13641 | D:11     | Noticed a two-headed ogre
 13653 | D:11     | Killed a two-headed ogre
 14102 | D:11     | Noticed a cyan ugly thing
 14246 | D:11     | Killed a cyan ugly thing
 14354 | D:11     | Noticed a boulder beetle
 14355 | D:11     | Noticed a cyclops
 14761 | D:10     | Killed a death yak
 14761 | D:10     | Reached XP level 12. HP: 34/81 MP: 7/18
 14978 | D:10     | Found a staircase to the Lair.
 14978 | D:10     | Noticed a death yak
 15201 | Lair:1   | Entered Level 1 of the Lair of Beasts
 15219 | Lair:1   | Killed a death yak
 15222 | Lair:1   | Found a gate leading to a gauntlet.
 15231 | Gauntlet | Entered a Gauntlet
 15231 | Gauntlet | Found a transporter.
 15231 | Gauntlet | Found a transporter.
 15231 | Gauntlet | Found a transporter.
 15235 | Gauntlet | Found a transporter.
 15243 | Gauntlet | Noticed a death ooze
 15251 | Gauntlet | Found a transporter.
 15253 | Gauntlet | Found a transporter.
 15267 | Gauntlet | Found a transporter.
 15273 | Gauntlet | Noticed a wretched star
 15357 | Gauntlet | Found a transporter.
 15357 | Gauntlet | Found a transporter.
 15367 | Gauntlet | Found a transporter.
 15371 | Gauntlet | Found a transporter.
 15386 | Gauntlet | Found a transporter.
 15474 | Gauntlet | Got a shimmering emerald amulet
 15495 | Gauntlet | Identified the amulet of Xyeghi {Inacc rPois rF+} (You
                  | found it in a Gauntlet)
 15663 | Gauntlet | Killed a wretched star
 15682 | Gauntlet | HP: 3/81 [small abomination (8)]
 16027 | Gauntlet | Noticed a minotaur
 16039 | Gauntlet | Killed a minotaur
 16412 | Lair:1   | Noticed a five-headed hydra
 16426 | Lair:1   | Killed a five-headed hydra
 17467 | Lair:2   | Found a dark tunnel.
 17476 | Volcano  | Entered a volcano
 17777 | Volcano  | Found a burning altar of Makhleb.
 17777 | Volcano  | Noticed a hell hog
 17783 | Volcano  | Killed a hell hog
 18401 | Lair:2   | Reached ****** piety under Cheibriados
 18681 | Lair:2   | Found a staircase to the Swamp.
 18710 | Lair:2   | Reached XP level 13. HP: 83/88 MP: 19/19
 18756 | Lair:2   | Noticed Harold
 18837 | Lair:2   | Killed Harold
 18853 | Lair:2   | Reached skill level 10 in Throwing
 20422 | Lair:4   | Reached skill level 10 in Unarmed Combat
 21233 | Lair:5   | Reached skill level 10 in Fighting
 21478 | Lair:5   | Reached XP level 14. HP: 56/99 MP: 15/20
 21773 | Lair:6   | Entered Level 6 of the Lair of Beasts
 22275 | Lair:6   | Reached skill level 10 in Shields
 22978 | Lair:6   | Reached skill level 10 in Dodging
 23828 | Lair:6   | Reached skill level 10 in Evocations
 23828 | Lair:6   | Reached skill level 1 in Spellcasting
 24086 | Lair:6   | Found a staircase to the Slime Pits.
 24648 | Lair:3   | Found a staircase to the Shoals.
 24660 | Lair:3   | Reached skill level 5 in Spellcasting
 25067 | D:9      | Killed feta's ghost
 25351 | D:9      | Gained mutation: Your flesh is heat resistant. (rF+)
                  | [potion of mutation]
 25351 | D:9      | Gained mutation: You are robust. (+10% HP) [potion of
                  | mutation]
 25633 | D:12     | Reached XP level 15. HP: 97/113 MP: 24/24
 25693 | D:12     | Noticed Psyche
 25746 | D:12     | Found a runed translucent gate.
 25746 | D:12     | Found a runed translucent gate.
 25746 | D:12     | Found a runed translucent gate.
 25748 | D:12     | Noticed Azrael
 25761 | D:12     | Killed Azrael
 27099 | D:12     | Killed Psyche
 27160 | D:12     | Found a staircase to the Orcish Mines.
 27389 | D:12     | Noticed Jorgrun
 27405 | D:12     | Killed Jorgrun
 27430 | D:12     | Noticed Hogeazu's ghost (journeyman HOAK)
 28187 | D:13     | Noticed Urug
 28192 | D:13     | Killed Urug
 28237 | D:13     | Learned a level 2 spell: Blink
 28833 | D:14     | Noticed Snorg
 28843 | D:14     | Killed Snorg
 28963 | D:14     | Reached skill level 10 in Spellcasting
 28978 | D:14     | Learned a level 4 spell: Petrify
 28985 | D:14     | Learned a level 6 spell: Statue Form
 29129 | D:14     | Reached skill level 1 in Transmutations
 29131 | D:14     | Reached skill level 1 in Earth Magic
 29355 | D:14     | Noticed Nessos
 29737 | D:14     | Found a gate to the Vaults.
 29813 | D:14     | Killed Nessos
 30078 | D:14     | Upgraded the game from 0.26-a0-774-g1415c89e12 to
                  | 0.26-a0-784-g51bffae0b1
 30084 | D:14     | Learned a level 5 spell: Lee's Rapid Deconstruction
 30151 | Orc:1    | Entered Level 1 of the Orcish Mines
 30153 | Orc:1    | Found Pariggext's Gadget Emporium.
 30498 | Orc:1    | Found a roughly hewn altar of Beogh.
 30657 | Orc:2    | Entered Level 2 of the Orcish Mines
 30993 | Orc:2    | Reached skill level 5 in Transmutations
 30993 | Orc:2    | Reached skill level 5 in Earth Magic
 31089 | Orc:2    | Reached XP level 16. HP: 113/119 MP: 30/30
 31519 | Orc:2    | Found Dogrywk's Assorted Antiques.
 31519 | Orc:2    | Found Cicat's Jewellery Boutique.
 31519 | Orc:2    | Found Zongoer's Book Boutique.
 31542 | Orc:2    | Found Micus's Antique Armour Shop.
 31581 | Orc:2    | Found Agenaim's Distillery.
 31642 | Orc:2    | Bought a potion of magic for 96 gold pieces
 31642 | Orc:2    | Bought a potion of heal wounds for 60 gold pieces
 31642 | Orc:2    | Bought a potion of curing for 36 gold pieces
 31642 | Orc:2    | Bought a potion of mutation for 96 gold pieces
 31690 | Orc:2    | Bought a scroll of blinking for 292 gold pieces
 31754 | Orc:2    | Found a staircase to the Elven Halls.
 32194 | D:15     | Entered Level 15 of the Dungeon
 32194 | D:15     | Found Tikhuz's Assorted Antiques.
 32215 | D:15     | Bought a potion of mutation for 184 gold pieces
 32242 | D:15     | Found Caus's Weapon Boutique.
 32691 | D:15     | Found Zegaom's General Store.
 32970 | D:15     | Found a staircase to the Depths.
 33008 | D:15     | Found Axeixit's Jewellery Shoppe.
 33024 | D:15     | Bought a cursed ring of attention for 45 gold pieces
 33024 | D:15     | Bought the ring "Sisahouh" {Int+3 SInv} for 283 gold pieces
 33121 | D:15     | Found Siti Xuotu's General Store.
 33408 | Swamp:1  | Entered Level 1 of the Swamp
 33408 | Swamp:1  | Noticed Aizul
 33429 | Swamp:1  | Killed Aizul
 33590 | Swamp:1  | Noticed a fenstrider witch
 33593 | Swamp:1  | Killed a fenstrider witch
 33632 | Swamp:1  | Noticed a thorn hunter
 33641 | Swamp:1  | Killed a thorn hunter
 34327 | Swamp:2  | Reached XP level 17. HP: 126/126 MP: 31/31
 34376 | Swamp:2  | Reached skill level 10 in Earth Magic
 34383 | Swamp:2  | Found a runed translucent door.
 34425 | Swamp:2  | Reached skill level 10 in Transmutations
 35351 | Swamp:3  | Noticed Kirke
 35354 | Swamp:3  | Noticed a sphinx
 35357 | Swamp:3  | Killed Kirke
 35467 | Swamp:4  | Entered Level 4 of the Swamp
 35810 | Swamp:4  | Reached XP level 18. HP: 134/134 MP: 32/33
 35861 | Swamp:4  | Identified Roxanne's Volume of the Rocks
 35861 | Swamp:4  | Noticed Roxanne
 35906 | Swamp:4  | Killed Roxanne
 35918 | Swamp:4  | Learned a level 6 spell: Iron Shot
 36144 | Swamp:4  | Got a decaying rune of Zot
 36362 | Vaults:1 | Entered Level 1 of the Vaults
 36416 | Vaults:1 | Found a flickering gateway to a bazaar.
 36432 | Bazaar   | Entered a bazaar
 36463 | Bazaar   | Found Magea's Weapon Emporium.
 36479 | Bazaar   | Found Plog's Jewellery Shoppe.
 36479 | Bazaar   | Found Wokat's Gadget Emporium.
 36517 | Bazaar   | Bought the ring "Miyfikyb" {rC+ rN+ Str+6 Int+4 Dex-5} for
                  | 1193 gold pieces
 38000 | Vaults:2 | Reached XP level 19. HP: 140/140 MP: 34/34
 38687 | Vaults:2 | Noticed Asterion
 38696 | Vaults:2 | Killed Asterion
 39152 | Vaults:2 | Found a staircase to the Crypt.
 39152 | Vaults:2 | Found an ancient bone altar of Kikubaaqudgha.
 39152 | Vaults:2 | Found a basalt altar of Yredelemnul.
 39347 | Vaults:2 | Identified a scroll of acquirement
 39348 | Vaults:2 | Acquired a +2 tower shield of protection
 39508 | Vaults:2 | Noticed Sojobo
 39523 | Vaults:2 | Killed Sojobo
 39604 | Vaults:3 | Found an ancient bone altar of Kikubaaqudgha.
 39928 | Vaults:3 | Reached XP level 20. HP: 150/150 MP: 35/35
 41301 | Vaults:4 | Found a gateway to a bazaar.
 41790 | Elf:1    | Entered Level 1 of the Elven Halls
 41854 | Elf:1    | Found Kugige's Assorted Antiques.
 42730 | Elf:2    | Found a huge runed translucent gate.
 42730 | Elf:2    | Found a huge runed translucent gate.
 42730 | Elf:2    | Found a huge runed translucent gate.
 42730 | Elf:2    | Found a huge runed translucent gate.
 42730 | Elf:2    | Found a huge runed translucent gate.
 42772 | Elf:2    | Identified the +6 longbow of the Tired Songs {venom, rC++
                  | Dex+2 SInv}
 42789 | Elf:2    | Found a transporter.
 42790 | Elf:2    | Found a bloodstained altar of Trog.
 42792 | Elf:2    | Noticed Opsalyamag's ghost (adept DsBr)
 42797 | Elf:2    | Found a transporter.
 42811 | Elf:2    | Reached XP level 21. HP: 159/159 MP: 37/37
 42870 | Elf:2    | Identified the +5 rapier of Regicide {vorpal, *Rage +Inv
                  | rPois rN++}
 42870 | Elf:2    | Identified the cursed +0 rapier of Giurphewn {flame, Str+2}
 42870 | Elf:2    | Identified the +5 rapier "Idyl" {antimagic, Dex+3}
 42870 | Elf:2    | Identified the +7 rapier "Kaoblis" {vorpal, rElec rF-
                  | Int+8}
 43071 | Elf:2    | Found Ustroc Baa's General Store.
 43798 | Elf:3    | Entered Level 3 of the Elven Halls
 44731 | Elf:3    | Identified the ring "Ret Meamn" {*Tele rElec rPois MR-
                  | MP+9}
 44731 | Elf:3    | Identified the +8 gold dragon scales "Aloatemi" {Rampage
                  | rPois rF+ rC+}
 44744 | Elf:3    | Identified the +6 short sword of Welfare {speed, rPois}
 44748 | Elf:3    | Reached skill level 15 in Stealth
 44770 | Elf:3    | Identified the +7 dagger "Veroweul" {antimagic, rC+ Str+3}
 44851 | Elf:3    | Identified the +11 dagger of the Ancients {vamp, MR+ Str+4}
 45016 | Elf:3    | Paralysed by a floating eye for 3 turns
 45032 | Elf:3    | Identified the ring of Oful {rPois Str+5 Stlth-}
 45036 | Elf:3    | Reached XP level 22. HP: 167/167 MP: 38/38
 45056 | Elf:3    | Identified the Reference Book on Calling and Confrontation
 45144 | Elf:3    | Learned a level 1 spell: Apportation
 45157 | Elf:3    | Learned a level 8 spell: Ignition
 45178 | Elf:3    | Got an iridescent hunting sling
 45179 | Elf:3    | Identified the +2 hunting sling "Sulegaem" {vorpal, Dex+3}
                  | (You found it on level 3 of the Elven Halls)
 45294 | Elf:2    | Killed Opsalyamag's ghost
 45664 | Elf:2    | Got a slimy amber ring
 45668 | Elf:2    | Identified the cursed ring "Relara" {Str+4 Int-4 Dex+4
                  | Slay-4} (You found it on level 2 of the Elven Halls)
 45730 | Elf:2    | Bought a book of Annihilations for 1876 gold pieces
 45838 | Orc:2    | Bought an embroidered hat for 133 gold pieces
 46092 | Shoals:1 | Entered Level 1 of the Shoals
 46878 | Shoals:2 | Reached skill level 15 in Evocations
 46899 | Shoals:2 | Reached skill level 1 in Fire Magic
 47053 | Shoals:2 | Identified the +0 leather armour "Hapluoda" {Harm Rampage
                  | SInv}
 47777 | Shoals:3 | Reached skill level 5 in Fire Magic
 47836 | Shoals:3 | Noticed Nikola
 47853 | Shoals:3 | Killed Nikola
 48253 | Shoals:4 | Entered Level 4 of the Shoals
 48916 | Shoals:4 | Identified the +3 leather armour of Xoonketz {Str+4}
 49691 | Shoals:4 | Got a barnacled rune of Zot
 49830 | Shoals:4 | Reached skill level 10 in Fire Magic
 50241 | D:12     | Killed Hogeazu's ghost
 50391 | Depths:1 | Entered Level 1 of the Depths
 50739 | Depths:1 | Found a runed translucent door.
 50789 | Depths:1 | Reached XP level 23. HP: 87/172 MP: 21/39
 51013 | Depths:1 | Identified Meshan's Reference Book on Frigorific Clay
 51526 | Depths:1 | Found a one-way gate to the infinite horrors of the Abyss.
 51666 | Depths:1 | Found a gateway to Hell.
 52304 | Depths:2 | Paralysed by a floating eye for 2 turns
 52307 | Depths:2 | Paralysed by a floating eye for 3 turns
 52315 | Depths:2 | Paralysed by a floating eye for 3 turns
 52470 | Depths:2 | Identified the Incunabulum of Lightness and Arcane Weapons
 52473 | Depths:2 | Identified the Disquisition on the Poisonous Arsonist
 52476 | Depths:2 | Reached XP level 24. HP: 179/179 MP: 39/39
 52607 | Depths:2 | Noticed an ancient lich
 52612 | Depths:2 | Killed an ancient lich
 53354 | Depths:3 | You fall into a shaft and drop 2 floors!
 53354 | Depths:5 | Entered Level 5 of the Depths
 53361 | Depths:5 | Noticed a juggernaut
 53369 | Depths:5 | Killed a juggernaut
 53373 | Depths:5 | Reached XP level 25. HP: 154/185 MP: 40/40
 53375 | Depths:5 | Paralysed by a floating eye for 3 turns
 53643 | Depths:4 | Reached skill level 15 in Fire Magic
 53691 | Depths:4 | Found a gateway to a ziggurat.
 53702 | Depths:4 | Noticed Mennas
 53811 | Depths:4 | Noticed Mara
 53826 | Depths:4 | Killed Mara
 53835 | Depths:4 | Found a one-way gate leading to the halls of Pandemonium.
 53849 | Depths:4 | Gained mutation: Your flesh is very heat resistant. (rF++)
                  | [a neqoxec]
 53959 | Depths:4 | Found a magical portal.
 53968 | WizLab   | Entered Zonguldrok's Shrine
 54050 | WizLab   | Reached skill level 15 in Spellcasting
 54158 | WizLab   | Noticed an antique lich
 54160 | WizLab   | Found the +9 sword of Zonguldrok {reap}
 54165 | WizLab   | Killed an antique lich
 54183 | WizLab   | Learned a level 2 spell: Sublimation of Blood
 54391 | Depths:4 | Killed Mennas
 55106 | Depths:3 | Reached skill level 15 in Unarmed Combat
 55419 | Depths:3 | Reached XP level 26. HP: 182/192 MP: 42/42
 56249 | Depths:5 | Reached skill level 15 in Fighting
 56294 | Depths:5 | Found a gate to the Realm of Zot.
 57177 | Crypt:1  | Entered Level 1 of the Crypt
 57774 | Crypt:2  | Reached skill level 15 in Shields
 58047 | Crypt:2  | Noticed Frederick
 58056 | Crypt:2  | Killed Frederick
 58592 | Crypt:3  | Entered Level 3 of the Crypt
 58693 | Crypt:3  | Reached skill level 15 in Dodging
 58770 | Crypt:3  | Reached XP level 27. HP: 204/204 MP: 42/42
 59002 | Crypt:3  | Found a basalt altar of Yredelemnul.
 59183 | Crypt:3  | Found a staircase to the Tomb.
 59505 | Crypt:3  | Reached skill level 15 in Throwing
 59907 | Crypt:3  | Identified the Guide on Transmigration
 60586 | Vaults:5 | Entered Level 5 of the Vaults
 60589 | Vaults:5 | Noticed Bai Suzhen
 60597 | Vaults:5 | Killed Bai Suzhen
 60611 | Vaults:5 | Reached skill level 15 in Earth Magic
 60647 | Vaults:4 | HP: 11/265 [large abomination[a deep elf death mage] (14)]
 61325 | Vaults:5 | Reached skill level 15 in Transmutations
 61332 | Vaults:5 | Reached skill level 5 in Necromancy
 61697 | Vaults:5 | Learned a level 9 spell: Absolute Zero
 61710 | Vaults:5 | Identified the +2 robe of Oxemuka {Harm *Slow MR+++ Int-3}
 61718 | Vaults:5 | Identified the +9 quarterstaff "Cunuv" {venom, Dex+3}
 62002 | Vaults:5 | Reached skill level 10 in Necromancy
 62222 | Vaults:5 | Got a silver rune of Zot
 63225 | Hell     | Entered the Vestibule of Hell
 63225 | Hell     | Noticed Geryon
 64270 | Hell     | Killed Geryon
 64359 | Hell     | Found a gateway to the freezing wastes of Cocytus.
 64475 | Hell     | Found a gateway to the decaying netherworld of Tartarus.
 64515 | Hell     | Found a gateway to the ashen valley of Gehenna.
 64670 | Hell     | Found a gateway to the Iron City of Dis.
 64806 | Coc:1    | Entered Level 1 of Cocytus
 64880 | Coc:1    | Reached skill level 15 in Necromancy
 64909 | Coc:1    | Reached skill level 1 in Ice Magic
 65150 | Coc:1    | Reached skill level 5 in Ice Magic
 65930 | Coc:2    | Reached skill level 10 in Ice Magic
 67027 | Coc:3    | Reached skill level 15 in Ice Magic
 70659 | Coc:7    | Entered Level 7 of Cocytus
 70856 | Coc:7    | HP: 12/265 [shard shrike/shard of ice[the effects of Hell]
                  | (35)]
 70856 | Coc:7    | Killed from afar by a shard shrike

Illustrated notes

Levels and vault maps discovered:
D:1:      nzn_arrival_water_spiral, layout_basic
D:2:      cheibrodos_fertilizer, layout_loops_ring, led_sif_pool,
          kennysheep_ying_yang, chequers_serial_rivers_room_a,
          serial_bayou_pond_c, kennysheep_generic_room_5
D:3:      layout_basic, nemelex_xobeh_ov_fountains_minmay
D:4:      layout_basic, minmay_temple_entry_wispy
D:5:      layout_gridville, nicolae_dithmenos_the_darkroom, serial_shops, shop,
          uniq_duvessa, uniq_grinder, uniq_sigmund
D:6:      layout_rooms, kennysheep_slug_shrine, grunt_temple_overflow_open,
          minmay_hedge_maze, uniq_maggie
D:7:      layout_basic
D:8:      layout_loops_ring, kennysheep_mini, minmay_shattered_shrine
D:9:      layout_basic, kennysheep_mini_moat, minmay_overflow_temple_star_quad,
          serial_shops, shop_coins, biasface_ghost_orc_armoury,
          minmay_fractal_squares_gapless_7
D:10:     layout_roguey, dpeg_lair_monsters, serial_shops, shop
D:11:     minmay_spotlight, layout_grid_maze
D:12:     layout_long_grid, erik_orc_1, maelrawn_ghost_gauntlet_escape,
          grunt_ministairs_15, lightli_wizard_tower, uniq_azrael, uniq_jorgrun,
          uniq_psyche
D:13:     layout_stronghold, uniq_urug
D:14:     layout_rooms, david_vaults_3, uniq_snorg
D:15:     gammafunk_enter_depths_forms, layout_rooms,
          chequers_serial_rivers_room_b, serial_shops, shop,
          nicolae_shop_behind_doors, nicolae_shop_overgrown_old_shop, shop, shop
Temple:   jpeg_temple_alley_garden
Lair:1:   layout_chaotic_city, gauntlet_entry_generic, serial_bayou_shore_a
Lair:2:   layout_regular_city, swamp_mist, lightli_volcano_entry_magma_tube,
          minivault_27, minivault_11, chequers_serial_rivers_small_3,
          beast_lair_carwin_1, uniq_harold
Lair:3:   layout_hall_layers, elwin_shoals_entry_stream, serial_bayou_lagoon_b,
          serial_bayou_shore_b
Lair:4:   layout_roguey, minmay_lair_oklob_chamber
Lair:5:   layout_roguey
Lair:6:   minmay_lair_end_enchanted_forest, layout_small_grid,
          minmay_slime_entry_pillars, serial_bayou_shore_b, grunt_megastairs_3
Swamp:1:  layout_basic_swamp, evilmike_swamp_ruin_rubble_2, swamp_pool4,
          uniq_aizul
Swamp:2:  gammafunk_mikee_crab_dinner, layout_basic_swamp, serial_swamp_ruin,
          evilmike_swamp_ruin_house_3, hangedman_swamp_ruin_wall,
          evilmike_swamp_ruin_house_5, swamp_pool1
Swamp:3:  layout_basic_swamp, evilmike_swamp_ruin_house_2, st_swamp_ruins_2,
          uniq_kirke
Swamp:4:  swamp_alternative, layout_basic_swamp, swamp_pool4, uniq_roxanne
Shoals:1: nicolae_shoals_island_circles, layout_shoals
Shoals:2: layout_shoals, nicolae_shoals_drake_roost
Shoals:3: layout_shoals, argonaut_gorgonesque, uniq_nikola
Shoals:4: shoals_end_hangedman, layout_shoals, nicolae_shoals_square_sea_wall,
          nicolae_shoals_loop_pool
Orc:1:    layout_caves, serial_shops, nicolae_shop_statue_plus,
          david_defended_altar_orc
Orc:2:    st_orc_mages, layout_caves, serial_shops, shop
Elf:1:    layout_loops_ring, serial_shops, nicolae_shop_overgrown_old_shop,
          hangedman_corner_corridor
Elf:2:    layout_onion_city, serial_shops, shop,
          gammafunk_ghost_wrathful_warriors
Elf:3:    elf_hall_gauntlet_narrow, layout_onion_city
Vaults:1: nicolae_vaults_halls_meeting, v_misc_30, v_alt_pattern_4,
          nicolae_vaults_rhombus_5, ontoclasm_vaults_tryst,
          nicolae_vaults_diagonal_hallway_9, vaults_dpeg_hooks,
          hangedman_vaults_stretched_pinwheel, vaults_room_grunt_arrival_ludios,
          vaults_mumra_chevron, ontoclasm_vaults_ring_small,
          layout_vaults_omnigrid, serial_shops, bzr_in_the_mist
Vaults:2: st_lattice, vaults_room_fours, hangedman_vaults_stream,
          ontoclasm_vaults_ring_small, v_alt_pattern_3,
          nicolae_vaults_network_periphery, vaults_room_corners,
          minmay_crypt_entry_necro_gods, vaults_room_fours,
          nicolae_vaults_rhombus_5, hangedman_vaults_maws,
          vaults_room_stairs_pillars, layout_vaults_ring, uniq_asterion,
          uniq_margery, uniq_sojobo
Vaults:3: ontoclasm_vaults_fault, nicolae_vaults_angled_halls,
          grunt_vaults_hallway_short, nicolae_vaults_meeting, v_misc_11,
          vaults_room_ringed_pool, hangedman_vaults_nodes,
          vaults_room_stairs_pillars, v_misc_33,
          hangedman_vaults_stretched_pinwheel, vaults_room_pool,
          vaults_room_semicircle, vaults_dpeg_spiral, layout_vaults_omnibox,
          basic_altar
Vaults:4: v_misc_24, hangedman_vaults_variations, grunt_vaults_hallway_long,
          v_misc_3, v_alt_pattern_4, nicolae_vaults_shelves_hall,
          nicolae_vaults_ring_of_whatevers, ontoclasm_vaults_bender,
          ontoclasm_vaults_chip, v_rooms_3, layout_vaults_omnicross,
          serial_shops, statue_bzr
Vaults:5: uniq_bai_suzhen
Crypt:1:  layout_chaotic_city, grunt_crypt_arrival_split
Crypt:2:  layout_gridlike, small_chamber_with_monster, uniq_frederick
Crypt:3:  evilmike_haunted_forest
Depths:1: layout_gridville, abyss_entry_glasseish, serial_sigils_hangedman_snap,
          hell_entry, serial_sigils_hangedman_snap, drop_trap,
          minmay_misc_feat_tiny, chequers_serial_rivers_large_a,
          minmay_crystal_box
Depths:2: lemuel_river_lethe, hell_entry
Depths:3: abrahamwl_protected_by_tso_1, layout_gridlike, pan_entry,
          chequers_decorated_corner, lightli_too_deep
Depths:4: minmay_the_grid_octo_2x2 [minmay_the_grid_octo_checkered,
          minmay_the_grid_octo_chip, minmay_the_grid_octo_teeth,
          minmay_the_grid_octo_prize_star], layout_basic, enter_ziggurat_e,
          hangedman_geh_valley, grunt_decor_cap, mu_enter_wizlab_5, abyss_entry,
          rand_demon_pan_entry_8, uniq_mara, uniq_mennas
Depths:5: grunt_twist_and_shout, layout_gridville, hell_entry,
          minmay_misc_feat_cross, dispersion_dpeg
Hell
Coc:1:    layout_ice_bergs
Coc:2:    layout_cocytus_delve, evilmike_ambush [evilmike_ambush_outer_basic,
          evilmike_ambush_inner_basic]
Coc:3:    layout_cocytus_water_paths
Coc:4:    layout_ice_bergs
Coc:5:    layout_cocytus_water_paths
Coc:6:    layout_ice_bergs
Coc:7:    coc_grunt

Skill      XL: |  1  2  3  4  5  6  7  8  9 10 11 12 13 14 15 16 17 18 19 20 21 22 23 24 25 26 27 |
---------------+----------------------------------------------------------------------------------+-----
Stealth        | 7 10 12 15 | 15.0
Unarmed Combat | 3 4 5 6 7 8 10 11 12 13 15 | 15.1
Fighting       | 4 5 6 7 8 10 11 12 13 15 | 15.0
Dodging        | 3 5 6 7 8 10 11 12 13 15 | 15.0
Throwing       | 4 5 6 7 8 10 11 12 13 15 | 15.0
Shields        | 5 6 7 9 10 11 12 13 15 | 15.0
Evocations     | 3 5 6 8 10 12 13 15 | 15.0
Invocations    | 7 9 |  9.0
Spellcasting   | 6 10 11 12 13 15 20 | 20.0
Transmutations | 5 9 11 12 13 15 | 15.0
Earth Magic    | 5 9 11 12 15 | 15.0
Fire Magic     | 10 13 14 15 | 15.0
Necromancy     | 4 15 | 15.0
Ice Magic      | 20 | 20.0

Action                   |  1- 3 |  4- 6 |  7- 9 | 10-12 | 13-15 | 16-18 | 19-21 | 22-24 | 25-27 || total
-------------------------+-------+-------+-------+-------+-------+-------+-------+-------+-------++-------
Melee: Unarmed           |    66 |   149 |   258 |   577 |   992 |   719 |   745 |   734 |  2203 ||  6443
       Constrict         |    17 |    28 |    35 |    89 |   170 |   114 |   144 |   110 |   287 ||   994
       Tentacles         |     9 |    25 |    64 |   233 |   454 |   245 |   243 |   210 |   770 ||  2253
       Punch             |     2 |     6 |    12 |    65 |   173 |   116 |   114 |    97 |   453 ||  1038
Throw: Stone             |     4 |    45 |    30 |   131 |   294 |    79 |       |       |       ||   583
       Javelin           |       |     5 |    13 |    27 |    53 |     9 |       |       |     9 ||   116
       Dart              |       |     7 |    45 |    58 |    24 |       |       |       |       ||   134
       Boomerang         |       |       |       |       |    14 |    99 |    69 |   100 |   747 ||  1029
       Throwing net      |       |       |       |       |     1 |       |       |       |       ||     1
 Cast: Statue Form       |       |       |       |       |       |    45 |    62 |    75 |   236 ||   418
       Iron Shot         |       |       |       |       |       |       |     2 |       |       ||     2
       Apportation       |       |       |       |       |       |       |       |     5 |    37 ||    42
       Ignition          |       |       |       |       |       |       |       |       |    77 ||    77
       Absolute Zero     |       |       |       |       |       |       |       |       |    10 ||    10
Invok: Temporal Distorti |       |       |       |     1 |       |       |       |       |     2 ||     3
       Slouch            |       |       |       |     2 |    10 |     9 |     1 |    12 |    10 ||    44
 Abil: End Transformatio |       |       |       |       |       |     6 |    35 |    53 |   186 ||   280
       Evoke Flight      |       |       |       |       |       |     1 |       |       |       ||     1
Evoke: Wand              |       |       |    11 |    22 |     6 |     6 |     5 |    11 |     8 ||    69
       Box of beasts     |       |       |       |     1 |     1 |       |       |       |       ||     2
       Lightning rod     |       |       |       |       |     9 |       |       |       |       ||     9
       Condenser vane    |       |       |       |       |       |       |     1 |     2 |     4 ||     7
       Tin of tremorston |       |       |       |       |       |       |       |       |     5 ||     5
  Use: Potion            |     1 |       |     5 |     2 |     1 |       |       |     5 |     7 ||    21
       Scroll            |       |     6 |     7 |    16 |    14 |     2 |     5 |     1 |     9 ||    60
 Stab: Sleeping          |    19 |    13 |     7 |    16 |    26 |    14 |    32 |    24 |    18 ||   169
       Distracted        |       |     1 |       |     3 |     4 |     8 |     2 |     1 |     2 ||    21
       Held in net/web   |       |       |       |       |     4 |       |       |       |       ||     4
       Paralysed         |       |       |       |       |     3 |       |       |       |       ||     3
       Confused          |       |       |       |       |     1 |       |       |       |       ||     1
Armor: Skin              |     3 |     3 |     6 |    19 |    30 |   343 |   260 |   297 |   905 ||  1866
Dodge: Dodged            |    23 |    72 |   116 |   334 |   708 |  1042 |   800 |   840 |  2964 ||  6899
Block: Buckler           |       |       |    44 |   236 |   438 |   519 |   597 |   738 |  2521 ||  5093
       Reflection        |       |       |       |       |       |       |    46 |    36 |    71 ||   153

Table legend: (Time is in decaauts)
 A = Elapsed time spent in this place.
 B = Non-inter-level travel time spent in this place.
 C = Inter-level travel time spent in this place.
 D = Time resting spent in this place.
 E = Time spent auto-exploring this place.
 F = Levels seen in this place.
 G = Mean time per level.
                   A        B        C        D        E       F      G
               +--------+--------+--------+--------+--------+-----+--------+
         Total | 111963 | 103277 |   8686 |  16039 |  11398 |  60 | 1866.1 |
       Dungeon |  30231 |  27228 |   3003 |   6833 |   3066 |  15 | 2015.4 |
        Temple |    228 |    194 |     34 |      0 |    191 |   1 |  228.0 |
          Lair |  12424 |  11435 |    989 |   1780 |   1220 |   6 | 2070.7 |
         Swamp |   5276 |   5106 |    170 |    458 |    707 |   4 | 1319.0 |
        Shoals |   7294 |   6865 |    429 |    660 |    272 |   4 | 1823.5 |
  Orcish Mines |   3148 |   2857 |    291 |    430 |    324 |   2 | 1574.0 |
   Elven Halls |   7138 |   6528 |    610 |    752 |   1116 |   3 | 2379.3 |
        Vaults |  14073 |  12072 |   2001 |   1501 |    538 |   5 | 2814.6 |
         Crypt |   5797 |   5497 |    300 |    355 |   1181 |   3 | 1932.3 |
        Depths |  11505 |  11027 |    478 |   1826 |   2276 |   5 | 2301.0 |
          Hell |   1186 |   1112 |     74 |      0 |     98 |   1 | 1186.0 |
       Cocytus |  10593 |  10290 |    303 |    181 |    408 |   7 | 1513.3 |
        Bazaar |    231 |    231 |      0 |      0 |      0 |   1 |  231.0 |
       Volcano |   1004 |   1004 |      0 |    563 |      0 |   1 | 1004.0 |
        Wizlab |    510 |    510 |      0 |     24 |      0 |   1 |  510.0 |
      Gauntlet |   1318 |   1318 |      0 |    674 |      0 |   1 | 1318.0 |
               +--------+--------+--------+--------+--------+-----+--------+

Top non-repeatable levels by time:
    D:12: 3736 daAuts
Depths:1: 3332 daAuts
  Lair:6: 3284 daAuts
Vaults:5: 3246 daAuts
    D:11: 3179 daAuts
 Crypt:3: 3053 daAuts
Vaults:2: 3021 daAuts
   Elf:2: 3012 daAuts
Vaults:1: 2931 daAuts
Vaults:4: 2915 daAuts
     D:9: 2891 daAuts
Shoals:4: 2789 daAuts
    D:10: 2727 daAuts
   Elf:3: 2509 daAuts
  Lair:5: 2499 daAuts
